 Dungeon Crawl Stone Soup version 0.24.0-1-gfbc8707122 (console) character file.

Game seed: 8896748535383786947, levelgen mode: deterministic

42 AlterAsc the Grave Robber (level 3, -4/35 HPs)
             Began as an Ogre Necromancer on Oct 26, 2019.
             Slain by a worm (7 damage)
             ... on level 2 of the Dungeon.
             The game lasted 00:06:03 (1068 turns).

AlterAsc the Grave Robber (Ogre Necromancer)        Turns: 1068, Time: 00:06:03

Health: -4/35      AC:  3    Str: 13    XL:     3   Next: 54%
Magic:  2/7        EV: 10    Int: 16    God:
Gold:   45         SH:  0    Dex:  9    Spells: 3/7 levels left

rFire    . . .     SeeInvis .   e - +0 club
rCold    . . .     Gourm    .   (no shield)
rNeg     . . .     Faith    .   a - +0 robe
rPois    .         Spirit   .   (helmet restricted)
rElec    .         Reflect  .   (no cloak)
rCorr    .         Harm     .   (gloves unavailable)
MR       .....                  (boots unavailable)
Stlth    +.........             b - amulet of magic regeneration
HPRegen  0.11/turn              (no ring)
MPRegen  0.35/turn              (no ring)

@: very slightly contaminated
A: large, unfitting armour, tough skin 1
a: no special abilities


You were on level 2 of the Dungeon.
You were very hungry.

You visited 1 branch of the dungeon, and saw 2 of its levels.

You collected 45 gold pieces.

Inventory:

Hand Weapons
 e - a +0 club (weapon)
Armour
 a - a +0 robe (worn)
Jewellery
 b - an amulet of magic regeneration (around neck)
 i - a +3 amulet of reflection {unknown}
Scrolls
 f - a scroll of teleportation {unknown}
 g - a scroll of immolation {unknown}
 h - a scroll of enchant armour {unknown}
 k - a scroll of remove curse {unknown}
Potions
 d - 2 potions of ambrosia {unknown}
 j - a potion of heal wounds {unknown}
Comestibles
 c - 3 rations


   Skills:
 * Level 1.8 Fighting
 * Level 1.0 Maces & Flails
 + Level 2.0 Dodging
 - Level 1.4 Stealth
 + Level 2.7 Spellcasting
 + Level 3.9 Necromancy


You had 3 spell levels left.
You knew the following spells:

 Your Spells              Type           Power        Failure   Level  Hunger
a - Pain                  Necr           ##..         3%          1    #......
b - Regeneration          Chrm/Necr      #.........   26%         3    ###....

Your spell library contained the following spells:

 Spells                   Type           Power        Failure   Level  Hunger
 Animate Skeleton         Necr           N/A          3%          1    #......
 Vampiric Draining        Necr           ##........   11%         3    ###....
 Animate Dead             Necr           N/A          36%         4    #####..


Dungeon Overview and Level Annotations

Branches:
Dungeon (2/15)

Altars:


Innate Abilities, Weirdness & Mutations

You are too large for most types of armour.
You have tough skin. (AC +1)


Message History

You hit the worm but do no damage.
The worm is heavily wounded.
The worm bites you but does no damage.
You barely miss the worm.
The worm is heavily wounded.
You barely miss the worm.
The worm is heavily wounded.
The worm bites you!
You are feeling very hungry.
You hit the worm.
The worm is heavily wounded.
The worm bites you!
* * * LOW HITPOINT WARNING * * *
Casting: Regeneration (safe; 26% risk of failure)
Confirm with . or Enter, or press ? or * to list all spells.
Aiming: Pain (safe; 3% risk of failure)
Press: ? - help, Shift-Dir - straight line, f/p - worm
Aim: a worm (heavily wounded, chance to defeat MR: 79%)
The worm writhes in agony.
The worm bites you!
You die...

##############
#............#
#.##########.# #.#.#
#..##.# #.#.# #..##.#
#.#.# #..##.# #.#.# #
#..##.##### #.#†#
#.#.......... #.#@#
#.##.##......
.#.#.#.#w#.##...........#
.........#.......######.#
..##'##..#######...####.#
#.................#
#....#####...######
#.##......>.......# #.⌠
...##########.# ... .....
#.#


You could see a worm.

Vanquished Creatures
  An ooze (D:1)
  A dart slug (D:1)
  2 leopard geckos (D:1)
  2 bats (D:1)
  3 giant cockroaches
  4 goblins
  7 hobgoblins (D:1)
  5 kobolds
  3 frilled lizards (D:1)
  A rat (D:1)
29 creatures vanquished.

Vanquished Creatures (others)
  A quokka (D:2)
1 creature vanquished.

Grand Total: 30 creatures vanquished

Notes
Turn   | Place    | Note
-------+----------+-------------------------------------------
     0 | D:1      | AlterAsc the Ogre Necromancer began the quest for the Orb.
     0 | D:1      | Reached XP level 1. HP: 16/16 MP: 3/3
    55 | D:1      | Reached XP level 2. HP: 4/24 MP: 2/5
   473 | D:1      | Reached skill level 1 in Fighting
   549 | D:1      | Reached XP level 3. HP: 22/33 MP: 4/6
   602 | D:1      | Learned a level 3 spell: Regeneration
   809 | D:1      | Reached skill level 1 in Maces & Flails
  1068 | D:2      | Slain by a worm

Levels and vault maps discovered:
D:1:      lemuel_arrival_muddy, layout_basic
D:2:      layout_basic, old_standard_altar, elyvilon_altar_4,
          evilmike_ruin_ashenzari, minmay_gold_behind_fungi, minmay_pentomino_p2

Skill      XL: |  1  2  3 |
---------------+----------+-----
Fighting       | 1 |  1.8
Dodging        | 2 |  2.0
Maces & Flails | 1 |  1.0
Stealth        | |  1.4
Spellcasting   | |  2.7
Necromancy     | |  3.9

Action                   || total
-------------------------++-------
Melee: Club              ||    55
 Cast: Pain              ||    47
       Regeneration      ||     5
 Stab: Sleeping          ||     1
  Eat: Chunk             ||     1
Armor: Robe              ||    14
Dodge: Dodged            ||    50
